Kradschützen Motorcycle Team
Construct Light Support Kompanie
Selects Armored Support Battlegroup
Selects Superior Fire Drills
Construct Mechanized Kompanie
Marder III Tank Destroyer
Selects Flammpanzer III Medium Tank
Flammpanzer III Medium Tank
Selects Command Panzer IV F Medium Tank
le.IG 18 Mechanized Group
Construct Panzerarmee Kommand
Flammpanzer III Medium Tank
Flak 36 Anti-tank Gun Team
Command Panzer IV F Medium Tank